AoeStats
← Edeko Queen of the Huns

QS Arena

503435779Analyzed
1v1 RM · 1mo ago on Aug 31, 2026· 45m 6s· 2 players
Game mode
Random Map
Map size
Tiny (2 player)
Population
200
Speed
Normal
Resources
Standard
Victory
Conquest
Starting age
Dark Age
Ending age
Imperial Age
RankedLock teamsTeams togetherTeam positionsShared explorationLock speedFull tech treeHidden civsTurbo modeCheats
Victory
Defeat
🇮🇪 Romans · Ireland
883
+15
🇹🇷 Byzantines · Türkiye
862
-15
uakgul3
0:39 Loom
8:57 Feudal Age
9:57 Double-Bit Axe
10:06 Horse Collar
14:19 Stone Mining
14:25 Gold Mining
16:59 Wheelbarrow
19:41 Castle Age
18:27 Fletching
20:35 Husbandry
20:52 Forging
20:39 Elite Skirmisher
21:33 Pikeman
22:17 Scale Mail Armor
25:54 Scale Barding Armor
26:31 Padded Archer Armor
27:41 Squires
28:59 Thumb Ring
29:09 Crossbowman
33:34 Imperial Age
32:13 Murder Holes
32:41 Chain Barding Armor
33:03 Bodkin Arrow
34:27 Ballistics
34:44 Iron Casting
35:23 Chemistry
36:46 Conscription
37:03 Plate Barding Armor
36:50 Bracer
36:11 Arbalester
40:11 Onager
40:59 Onager
42:01 Gambesons
42:33 Leather Archer Armor
Edeko Queen of the Huns
6:24 Loom
8:11 Feudal Age
14:02 Castle Age
14:21 Wheelbarrow
14:48 Double-Bit Axe
16:12 Man-at-Arms
17:27 Forging
17:50 Scale Mail Armor
19:25 Bow Saw
20:35 Long Swordsman
21:38 Horse Collar
22:45 Gold Mining
24:22 Squires
24:42 Heavy Plow
24:44 Pikeman
27:56 Iron Casting
27:36 Chain Mail Armor
31:48 Imperial Age
29:35 Hand Cart
29:41 Bloodlines
29:31 Husbandry
30:08 Scale Barding Armor
30:01 Fletching
30:00 Town Watch
30:50 Masonry
30:36 Murder Holes
31:02 Ballistics
31:45 Chain Barding Armor
31:21 Bodkin Arrow
31:44 Ballistas
32:43 Legionary
32:48 Heavy Scorpion
34:35 Blast Furnace
35:08 Siege Engineers
36:05 Chemistry
34:53 Cavalier
34:56 Light Cavalry
36:35 Gold Shaft Mining
35:49 Halberdier
37:11 Conscription
38:35 Comitatenses
40:41 Plate Barding Armor
Connection lost

Rejoining the realm…

Still unreachable

The connection could not be restored.

Session expired

The server has moved on; the page needs a fresh start.